[Event "Titled Tuesday Blitz January 18 2022"]
[White "Kim, Sergey"]
[Black "Gombocz, Ferenc Jr."]
[WhiteFideId "13700570"]
[BlackFideId "775029"]
[WhiteElo "2583"]
[BlackElo "1913"]
[Result "1-0"]
[Round "07"]
[TimeControl "180+1"]
[Date "2022.01.18"]
[WhiteClock "0:01:40"]
[BlackClock "0:01:37"]

1. d4 d5 2. c4 c6 3. Nf3 Nf6 4. Qc2 dxc4 5. Qxc4 Bg4 6. Nbd2 Nbd7 7. e3 g6 8. Be2 Be6 9. Qc2 Bg7 10. b3 O-O 11. Bb2 Nb6 12. O-O Nfd5 13. a3 Rc8 14. Rac1 Qd7 15. Nc4 Nxc4 16. bxc4 Nb6 17. Rfd1 f5 18. Ng5 h6 19. Nxe6 Qxe6 20. Bf3 Qf7 21. a4 g5 22. a5 Nd7 23. Ba3 g4 24. Be2 c5 25. Rb1 b6 26. axb6 axb6 27. dxc5 Nxc5 28. Rxb6 Ne4 29. c5 h5 30. Bc4 1-0


[Site "https://www.chess.com"]

[Event "Titled Tuesday Blitz January 18 2022"]
[White "Koelle, Tobias"]
[Black "Remizov, Yaroslav"]
[WhiteFideId "16207378"]
[BlackFideId "34134015"]
[WhiteElo "2541"]
[BlackElo "2360"]
[Result "1-0"]
[Round "07"]
[TimeControl "180+1"]
[Date "2022.01.18"]
[WhiteClock "0:01:19"]
[BlackClock "0:01:07"]

1. d4 a6 2. c4 b6 3. Nf3 c6 4. Nc3 e6 5. e4 Ra7 6. Bd3 d6 7. O-O f6 8. Re1 g5 9. e5 dxe5 10. Be3 Rd7 11. d5 exd5 12. cxd5 cxd5 13. Bf5 Rd6 14. Bxc8 Qxc8 15. Bxg5 Bg7 16. Bh4 Ne7 17. Ne4 Re6 18. Rc1 Nbc6 19. Nc3 d4 20. Na4 Qd8 21. Qb3 Qd5 22. Qxb6 O-O 23. Nc5 Rb8 24. Qxa6 Rd6 25. Qa3 f5 26. Bxe7 Nxe7 27. Na6 Ra8 28. Nc7 Rxa3 29. Nxd5 Rxd5 30. bxa3 e4 31. Nd2 Bh6 32. Rcd1 d3 33. Nc4 Rc5 34. Ne3 Nc6 35. f3 Nd4 36. fxe4 Ne2+ 37. Kf2 fxe4 38. Rxe2 dxe2 39. Kxe2 Rc3 40. Nf5 Rc2+ 41. Kf1 Bg5 42. h4 Bf6 43. Re1 Rxa2 44. Rxe4 Rxa3 45. Kg1 Kf7 46. Kh2 Kg6 47. Ng3 h5 48. Ne2 Bd8 49. Rc4 Bf6 50. Nf4+ Kf5 51. Nxh5 Be5+ 52. g3 Ke6 53. Nf4+ Kf5 54. Kh3 Ra1 55. Rc8 Bd4 56. Rf8+ Ke4 57. Kg4 Ra7 58. Re8+ Be5 59. Ng6 Kd5 60. Rxe5+ Kd6 61. Rg5 Ke6 62. Nf4+ Kf6 63. Rg6+ Kf7 64. Kh5 Ra5+ 65. Rg5 Ra2 66. Kg4 Kf6 67. h5 Kf7 68. Rg6 Rh2 69. Nh3 Ra2 70. Ng5+ Kf8 71. Rf6+ Kg7 72. Rf7+ Kg8 73. h6 Rh2 74. h7+ Kh8 75. Rf8+ Kg7 76. h8=Q+ Rxh8 77. Rxh8 Kxh8 78. Nf3 Kg7 79. Nh2 Kg6 80. Nf1 Kf6 81. Ne3 Kg6 82. Nd1 Kf6 83. Nc3 Kg6 84. Nb1 Kf6 85. Na3 Kg6 86. Nc2 Kf6 87. Kf4 Kg6 88. g4 Kf6 89. g5+ Kg6 90. Kg4 Kg7 91. Kf5 Kf7 92. Ne1 Kg7 93. Nd3 Kg8 94. Nf2 Kf7 95. Nd1 Kg7 96. Nc3 Kf8 97. Nb5 Kf7 98. Na3 Kg7 99. Nc4 Kf7 100. Ne5+ Kg7 101. Nc6 Kg8 102. Nd4 Kg7 103. Ne2 Kf8 104. Nf4 Kf7 105. Ng2 Kg7 106. Ne1 Kf8 107. g6 Kg7 108. Kg5 Kg8 109. Kf6 Kf8 110. Nf3 Kg8 111. Nd2 Kf8 112. Nc4 Kg8 113. Nb2 Kf8 114. Nd1 Kg8 115. Nc3 Kf8 116. Na4 Kg8 117. Nb2 Kh8 118. Nd3 Kg8 119. Nf2 Kh8 120. Ne4 Kg8 121. Ng3 Kh8 122. Nf5 Kg8 123. Nh4 Kh8 124. Ng2 Kg8 125. g7 Kh7 126. Kf7 Kh6 127. Nf4 Kg5 128. Nd5 Kf5 129. Nc7 Ke5 130. Ne8 Kd5 131. Nf6+ Kc6 132. Nd7 Kd6 133. Ne5 Kd5 134. Nd3 Ke4 135. Nc5+ Kd4 136. Ne4 Kc4 137. Nc3 Kd4 138. Nb5+ Kd3 139. Na3 Kc3 140. Nc4 Kb4 141. g8=Q Kc3 142. Ne3 Kd3 143. Nc2 Kc3 144. Qd8 Kb3 145. Qd4 Ka2 146. Qa4+ Kb2 147. Qa3+ Kb1 148. Qa1+ Kxc2 149. Qh8 Kb3 150. Qg8 Kc4 151. Qf8 Kd5 152. Qe8 Kd6 153. Qe7+ Kd5 154. Qe6+ Kd4 155. Kf6 Kd3 156. Qe5 Kc4 157. Ke6 Kd3 158. Qd5+ Ke3 159. Ke5 Ke2 160. Qd4 Kf3 161. Qd3+ Kg4 162. Ke4 Kg5 163. Qd6 Kg4 164. Qf8 Kg5 165. Qg7+ Kh4 166. Kf4 Kh3 167. Qg4+ Kh2 168. Kf3 Kh1 169. Kf2 Kh2 170. Qg3+ Kh1 171. Qf3+ Kh2 172. Qd1 Kh3 173. Qh5# 1-0


[Site "https://www.chess.com"]

[Event "Titled Tuesday Blitz January 18 2022"]
[White "Kosteniuk, Alexandra"]
[Black "Ljukin, Sergei"]
[WhiteFideId "4128125"]
[BlackFideId "14102200"]
[WhiteElo "2469"]
[BlackElo "2312"]
[Result "1-0"]
[Round "07"]
[TimeControl "180+1"]
[Date "2022.01.18"]
[WhiteClock "0:01:04"]
[BlackClock "0:00:51"]

1. d4 d5 2. Nf3 Nf6 3. c4 c6 4. Nc3 dxc4 5. Ne5 b5 6. a4 b4 7. Na2 a5 8. e3 Nbd7 9. Nxd7 Qxd7 10. Bxc4 e6 11. O-O Bb7 12. b3 Be7 13. Bb2 O-O 14. Nc1 c5 15. Nd3 cxd4 16. Bxd4 Ne4 17. Ne5 Qc7 18. Rc1 Qd8 19. Qh5 Rc8 20. Rfd1 Qc7 21. Bb2 Qb8 22. Nd7 Qa8 23. Nxf8 Rxf8 24. f3 Nf6 25. Qe5 Qa7 26. Rd7 Re8 27. Bd4 Qa8 28. Bb5 Bf8 29. Rxb7 Qxb7 30. Bxe8 Nxe8 31. Qxa5 1-0


[Site "https://www.chess.com"]

[Event "Titled Tuesday Blitz January 18 2022"]
[White "Krivonosov, Oleg"]
[Black "Manukyan, Artyom"]
[WhiteFideId "11600349"]
[BlackFideId "13305786"]
[WhiteElo "2455"]
[BlackElo "2034"]
[Result "1-0"]
[Round "07"]
[TimeControl "180+1"]
[Date "2022.01.18"]
[WhiteClock "0:01:40"]
[BlackClock "0:00:02"]

1. Nf3 d5 2. d4 Nf6 3. c4 e6 4. g3 Be7 5. Bg2 O-O 6. O-O dxc4 7. Qa4 a6 8. Qxc4 b5 9. Qc2 Bb7 10. Bg5 Nc6 11. Rd1 Nb4 12. Qc1 h6 13. Bxf6 Bxf6 14. Nc3 Nd5 15. Ne4 Be7 16. Nc5 Bxc5 17. Qxc5 Nf6 18. Rac1 Rc8 19. Ne5 Bxg2 20. Kxg2 Qd6 21. e3 Ne4 22. Qc6 Nf6 23. Rc2 Qd5+ 24. Qxd5 Nxd5 25. a3 f5 26. Rdc1 Rf6 27. Rc6 Ra8 28. Nd3 Kf7 29. Nf4 Nxf4+ 30. gxf4 Kg6 31. Rxc7 Rf7 32. Kf3 Rxc7 33. Rxc7 Kf6 34. Rc6 Ke7 35. Rb6 Ra7 36. h4 h5 37. b3 Kd7 38. a4 bxa4 39. bxa4 Ke7 40. a5 Kf7 41. Ke2 Ke7 42. Kd3 Kd7 43. d5 exd5 44. Kd4 Ke7 45. Kxd5 Rd7+ 46. Ke5 Rd2 47. Rxa6 Rxf2 48. Ra7+ Kf8 49. a6 Rh2 50. Rb7 Kg8 51. a7 Ra2 1-0


[Site "https://www.chess.com"]

[Event "Titled Tuesday Blitz January 18 2022"]
[White "Krzywda, Andrzej"]
[Black "Brodowski, Piotr"]
[WhiteFideId "1114565"]
[BlackFideId "1124480"]
[WhiteElo "2098"]
[BlackElo "2422"]
[Result "0-1"]
[Round "07"]
[TimeControl "180+1"]
[Date "2022.01.18"]
[WhiteClock "0:00:01"]
[BlackClock "0:00:11"]

1. e4 d6 2. d4 Nf6 3. Nc3 g6 4. Be3 c6 5. a4 a5 6. h3 Bg7 7. g4 h6 8. Bg2 Nbd7 9. Qd2 Qc7 10. Nge2 e5 11. O-O h5 12. g5 Nh7 13. f4 exf4 14. Bxf4 O-O 15. Qd3 Rd8 16. Qg3 Ndf8 17. Rad1 Ne6 18. Be3 h4 19. Qxh4 Qe7 20. Qf2 Nexg5 21. Kh2 d5 22. Ng3 dxe4 23. Ncxe4 Nxe4 24. Nxe4 Be6 25. Rde1 Qc7+ 26. Bf4 Qb6 27. c3 Bc4 28. Rg1 Bd5 29. Qg3 Qxb2 30. Rb1 Qc2 31. Rgc1 Qe2 32. Re1 Qa6 33. Nc5 Qc4 34. Bf1 Qa2+ 35. Kg1 Nf6 36. Bg5 Nh5 37. Qf2 Re8 38. Qxa2 Bxa2 39. Rxb7 Rxe1 40. Kf2 Rb1 41. Rc7 Bd5 42. c4 Bxd4+ 43. Be3 Bxe3+ 44. Kxe3 Rxf1 45. cxd5 cxd5 46. Nd7 Re8+ 47. Kd2 Kg7 48. Nc5 Rf2+ 49. Kd1 Nf4 50. Rd7 Ree2 51. Nb7 Rf1# 0-1


[Site "https://www.chess.com"]

[Event "Titled Tuesday Blitz January 18 2022"]
[White "Lauridsen, Jesper Morch"]
[Black "Jocev, Milan"]
[WhiteFideId "1401890"]
[BlackFideId "900680"]
[WhiteElo "2198"]
[BlackElo "2322"]
[Result "0-1"]
[Round "07"]
[TimeControl "180+1"]
[Date "2022.01.18"]
[WhiteClock "0:00:14"]
[BlackClock "0:00:49"]

1. e4 c6 2. d4 d5 3. exd5 cxd5 4. c4 Nf6 5. Nc3 Nc6 6. Nf3 g6 7. Be2 Bg7 8. O-O O-O 9. Be3 dxc4 10. Bxc4 Bg4 11. d5 Ne5 12. Be2 Nxf3+ 13. Bxf3 Bxf3 14. Qxf3 Qd7 15. h3 a6 16. Rfd1 Rac8 17. Bd4 b5 18. a3 Ne8 19. Bxg7 Kxg7 20. Qe3 Nd6 21. Re1 Rfe8 22. Qe5+ Kg8 23. Rad1 Nc4 24. Qd4 Nxb2 25. Rb1 Nc4 26. Ne4 Nxa3 27. Rbc1 Nc2 28. Rxc2 Rxc2 29. Qe5 Qf5 30. Qxf5 gxf5 31. Nf6+ Kf8 32. Nxe8 Kxe8 33. d6 e6 34. Ra1 Rc6 35. Rd1 Kd7 36. Rd4 Rxd6 37. Rh4 Rb6 38. Rxh7 Ke7 39. Rh8 b4 40. Rc8 b3 41. Rc1 b2 42. Rb1 a5 0-1


[Site "https://www.chess.com"]

[Event "Titled Tuesday Blitz January 18 2022"]
[White "Le, Tuan Minh"]
[Black "Obolenskikh, Dmitry"]
[WhiteFideId "12401153"]
[BlackFideId "4156013"]
[WhiteElo "2938"]
[BlackElo "2821"]
[Result "1-0"]
[Round "07"]
[TimeControl "180+1"]
[Date "2022.01.18"]
[WhiteClock "0:01:36"]
[BlackClock "0:01:22"]

1. d4 d6 2. e4 g6 3. Nf3 Bg7 4. Bc4 a6 5. a4 b6 6. O-O c6 7. Nc3 Qc7 8. Bb3 Nf6 9. e5 dxe5 10. dxe5 Ng4 11. Bf4 O-O 12. Re1 Nd7 13. h3 Ngxe5 14. Nxe5 Bxe5 15. Rxe5 Nxe5 16. Qe2 Be6 17. Bxe6 fxe6 18. Bxe5 Qc8 19. Ne4 Ra7 20. Bc3 Rd7 21. Ng5 Rd6 22. Qe5 Rf6 23. Ne4 1-0


[Site "https://www.chess.com"]

[Event "Titled Tuesday Blitz January 18 2022"]
[White "Leitao, Rafael"]
[Black "Risteski, Emil"]
[WhiteFideId "2101246"]
[BlackFideId "15005267"]
[WhiteElo "2609"]
[BlackElo "2070"]
[Result "1-0"]
[Round "07"]
[TimeControl "180+1"]
[Date "2022.01.18"]
[WhiteClock "0:00:18"]
[BlackClock "0:00:08"]

1. d4 d6 2. c4 g6 3. Nc3 Bg7 4. e4 Nf6 5. Nf3 O-O 6. Be2 e5 7. Be3 exd4 8. Nxd4 Re8 9. f3 c6 10. Bf2 d5 11. exd5 cxd5 12. O-O Nc6 13. c5 Nh5 14. Qd2 Be5 15. g3 Ng7 16. Rfd1 Bf5 17. Rac1 Bxd4 18. Bxd4 Ne6 19. Bf2 d4 20. Nb5 d3 21. Bxd3 Ned4 22. Nxd4 Nxd4 23. Bxd4 Qxd4+ 24. Qf2 Qf6 25. Bf1 h5 26. Qd4 Qe7 27. Kf2 Rad8 28. Qc3 Qc7 29. Rxd8 Rxd8 30. b4 h4 31. Be2 Be6 32. a3 a5 33. Rd1 axb4 34. Rxd8+ Qxd8 35. axb4 hxg3+ 36. hxg3 Qg5 37. b5 Qh5 38. c6 bxc6 39. bxc6 Qh2+ 40. Ke3 Qxg3 41. c7 Qg5+ 42. Kf2 Qh4+ 43. Ke3 Qg5+ 44. f4 Qg3+ 45. Kd2 Qh3 46. Qxh3 Bxh3 47. Ba6 Kg7 48. Ke3 g5 49. fxg5 f6 50. Kd4 fxg5 51. Ke5 Kf7 52. Kd6 Bf5 53. Bb5 Bc8 54. Bd7 Bb7 55. Bg4 Kf6 56. Kc5 Ke7 57. Kb6 Bc8 58. Bxc8 1-0


[Site "https://www.chess.com"]

[Event "Titled Tuesday Blitz January 18 2022"]
[White "Leiva, Gianmarco"]
[Black "Reprintsev, Alexander"]
[WhiteFideId "3804399"]
[BlackFideId "14100541"]
[WhiteElo "2759"]
[BlackElo "2551"]
[Result "1-0"]
[Round "07"]
[TimeControl "180+1"]
[Date "2022.01.18"]
[WhiteClock "0:00:05"]
[BlackClock "0:00:04"]

1. e4 d5 2. exd5 Qxd5 3. Nc3 Qa5 4. d4 Nf6 5. Bc4 Bg4 6. Nf3 Nc6 7. Bb5 O-O-O 8. Bxc6 bxc6 9. h3 Qh5 10. Bf4 Bxf3 11. gxf3 e6 12. Qe2 Bb4 13. Qa6+ Kb8 14. Qxc6 Nd5 15. Qb5+ Kc8 16. Qa6+ Kb8 17. Qb5+ Kc8 18. Qa6+ Kb8 19. Bd2 Rd6 20. Qe2 Nb6 21. a3 Bxc3 22. bxc3 Qd5 23. Rb1 Rc6 24. O-O Qc4 25. Qe4 Rd8 26. Rb4 Qd5 27. a4 Kc8 28. Rfb1 Rdd6 29. Rb5 Qxe4 30. fxe4 Nxa4 31. Rb8+ Kd7 32. R1b3 Nc5 33. Bf4 Nxb3 34. Bxd6 Nxd4 35. cxd4 Kxd6 36. Rd8+ Ke7 37. Ra8 Rxc2 38. Rxa7 Rc3 39. Kg2 f6 40. h4 h5 41. f3 g5 42. hxg5 fxg5 43. Kg3 g4 44. Kh4 gxf3 45. Ra2 Re3 46. e5 Re2 47. Ra1 f2 48. Rf1 Kd7 49. Kxh5 Kc6 50. Kg4 Kd5 51. Kf3 Ra2 52. Ke3 Ra3+ 53. Kxf2 Kxd4 54. Rc1 c5 55. Rd1+ Kxe5 56. Rd8 Rc3 57. Ke2 Rc4 58. Rc8 Kd5 59. Rh8 e5 60. Rd8+ Ke4 61. Ra8 Rc2+ 62. Kd1 Rh2 63. Ra4+ 1-0


[Site "https://www.chess.com"]

[Event "Titled Tuesday Blitz January 18 2022"]
[White "Liyanage, Ranindu Dilshan"]
[Black "Osmak, Yuliia"]
[WhiteFideId "9915834"]
[BlackFideId "14101602"]
[WhiteElo "1858"]
[BlackElo "2302"]
[Result "0-1"]
[Round "07"]
[TimeControl "180+1"]
[Date "2022.01.18"]
[WhiteClock "0:01:13"]
[BlackClock "0:01:02"]

1. e4 e5 2. Nf3 Nc6 3. Bc4 Nf6 4. d3 Be7 5. O-O O-O 6. Re1 d6 7. a4 a6 8. h3 Kh8 9. c3 Ng8 10. d4 f5 11. exf5 d5 12. Bb3 e4 13. Nh2 Bxf5 14. Be3 Bd6 15. Nd2 Nce7 16. c4 c6 17. cxd5 cxd5 18. Ndf1 Qd7 19. Ng3 Be6 20. a5 Nf6 21. Nhf1 Ng6 22. Qd2 Bxh3 23. gxh3 Nh4 24. Bd1 Qxh3 25. Nh2 Qg2# 0-1


[Site "https://www.chess.com"]

[Event "Titled Tuesday Blitz January 18 2022"]
[White "Lorparizangeneh, Shahin"]
[Black "Moskalenko, Alexander"]
[WhiteFideId "12521604"]
[BlackFideId "4155351"]
[WhiteElo "2741"]
[BlackElo "2874"]
[Result "0-1"]
[Round "07"]
[TimeControl "180+1"]
[Date "2022.01.18"]
[WhiteClock "0:00:06"]
[BlackClock "0:00:07"]

1. e4 c5 2. Nf3 d6 3. Nc3 a6 4. g3 Nf6 5. Bg2 e6 6. O-O Be7 7. d4 cxd4 8. Nxd4 O-O 9. a4 Qc7 10. Be3 Nc6 11. g4 Nd7 12. g5 Nxd4 13. Qxd4 Ne5 14. b3 Bd7 15. Rac1 Rac8 16. Ne2 Ng4 17. Bd2 d5 18. Ng3 Bc5 19. Qd3 Ba3 20. exd5 Bxc1 21. Rxc1 exd5 22. h3 Ne5 23. Qd4 Rfe8 24. Bf4 Nc6 25. Qd2 Qa5 26. Qd1 d4 27. Qh5 Bf5 28. Kh2 Bg6 29. Qg4 Ne5 30. Qd1 d3 31. cxd3 Rxc1 32. Bxc1 Nxd3 33. Be3 Qc7 34. h4 Ne5 35. Qd4 Bf5 36. Bf4 Ng4+ 37. Kg1 Qc8 38. Bf3 Be6 39. Nh5 f6 40. gxf6 Nxf6 41. Nxf6+ gxf6 42. Qxf6 Qd8 43. Qh6 Qe7 44. Bg5 Qf7 45. Bh5 Qd7 46. Bxe8 Qxe8 47. Qf6 Qg6 48. Qd8+ Kf7 49. Qe7+ Kg8 50. Kh2 Qf5 51. Qd8+ Kf7 52. Qd4 Qg4 53. Qe3 Qf5 54. b4 h5 55. f3 Kg6 56. Kg3 Qd5 57. b5 Qf5 58. bxa6 bxa6 59. a5 Qh3+ 60. Kf2 Qh2+ 61. Ke1 Qh1+ 62. Kd2 Qh2+ 63. Kc3 Qc7+ 64. Kd4 Qd6+ 65. Kc3 Qa3+ 66. Kd2 Qxa5+ 67. Ke2 Qd5 68. Kf2 a5 69. Bh6 a4 70. Bf8 Kf7 71. Ba3 Qa2+ 72. Kg3 Qd5 73. Qf4+ Qf5 74. Qc7+ Bd7 75. Qd6 Qh3+ 76. Kf2 Qe6 77. Qf4+ Qf5 78. Qb4 Qc2+ 79. Kg3 Qf5 80. Qf8+ Kg6 81. Qg8+ Kf6 82. Bb2+ Ke7 83. Ba3+ Kf6 84. Bb2+ Ke7 85. Qg7+ Ke6 86. Qg8+ Kd6 87. Qb8+ Kc6 88. Qa8+ Kb5 89. Qb7+ Kc4 90. Qc7+ Kb3 91. Qc3+ Ka2 92. Qa3+ Kb1 93. Qa1+ Kc2 94. Qc1+ Kb3 95. Qc3+ Ka2 96. Bc1 Qg6+ 97. Kf2 Qb6+ 98. Kg2 Qb3 99. Qd2+ Kb1 100. Qf4 Bc6 101. Be3 a3 102. Qf5+ Qc2+ 103. Qxc2+ Kxc2 104. Bd4 a2 105. Kg3 Kb1 106. Kf4 a1=Q 107. Bxa1 Kxa1 108. Ke3 Kb2 109. f4 Kc3 110. f5 Be8 111. Kf4 Kd3 112. Kg5 Ke4 113. Kf6 Kf4 114. Ke6 Kg4 115. f6 Ba4 116. Ke5 Bb3 117. Kd4 Kxh4 118. Ke3 Bf7 119. Kf2 Kg5 120. Kg3 Kxf6 0-1


[Site "https://www.chess.com"]

[Event "Titled Tuesday Blitz January 18 2022"]
[White "Macovei, Andrei"]
[Black "Kaufman, Raymond"]
[WhiteFideId "13904680"]
[BlackFideId "2015056"]
[WhiteElo "2681"]
[BlackElo "2324"]
[Result "0-1"]
[Round "07"]
[TimeControl "180+1"]
[Date "2022.01.18"]
[WhiteClock "0:00:49"]
[BlackClock "0:00:53"]

1. e4 c5 2. Nf3 e6 3. g3 Nc6 4. Bg2 d5 5. exd5 exd5 6. d4 Qe7+ 7. Be3 Bg4 8. O-O O-O-O 9. Nc3 Nf6 10. Re1 Qd7 11. Na4 Nxd4 12. Bxd4 Qxa4 13. Bxf6 gxf6 14. h3 Be6 15. b3 Qd7 16. Kh2 Bd6 17. h4 Rhg8 18. Kh1 d4 19. Qd2 Bd5 20. Ng1 Qc6 21. Bxd5 Qxd5+ 22. Kh2 Rg4 23. f4 Bxf4 24. gxf4 Rdg8 25. Re2 Rxh4+ 26. Nh3 Qf3 27. Rg2 Qxh3+ 28. Kg1 Qh1+ 0-1


[Site "https://www.chess.com"]

[Event "Titled Tuesday Blitz January 18 2022"]
[White "Mindlin, Alon"]
[Black "Pranav, V"]
[WhiteFideId "2800071"]
[BlackFideId "25060783"]
[WhiteElo "2446"]
[BlackElo "2349"]
[Result "0-1"]
[Round "07"]
[TimeControl "180+1"]
[Date "2022.01.18"]
[WhiteClock "0:00:39"]
[BlackClock "0:00:45"]

1. d4 Nf6 2. c4 e6 3. Nc3 Bb4 4. e3 O-O 5. Bd3 d5 6. Nf3 b6 7. O-O Bb7 8. cxd5 exd5 9. Qc2 Nbd7 10. a3 Bd6 11. Nb5 a6 12. Nxd6 cxd6 13. Qe2 Re8 14. Bd2 Ne4 15. Rfc1 Ndf6 16. Rc2 Bc8 17. Ne1 Ng4 18. Bxe4 dxe4 19. h3 Nh6 20. Rac1 Be6 21. Qh5 Nf5 22. Rc7 Qf6 23. d5 Bxd5 24. Bc3 Qg6 25. Qxg6 hxg6 26. Nc2 Rec8 27. Rxc8+ Rxc8 28. Rd1 Bb3 29. Rd2 Bxc2 30. Rxc2 d5 31. Rd2 Rd8 32. Be5 f6 33. Bc7 Rd7 34. Bxb6 Kf7 35. b4 Ke6 36. Bc5 Nd6 37. a4 Nc4 38. Ra2 g5 39. g4 Rb7 40. Kg2 g6 41. Ra1 f5 42. Rb1 Ne5 43. b5 a5 44. Bd4 Nc4 45. b6 f4 46. Rb5 Kd6 47. Rc5 Nxb6 48. Rb5 Kc6 49. Bxb6 Rxb6 50. exf4 Rxb5 51. axb5+ Kxb5 0-1


[Site "https://www.chess.com"]

[Event "Titled Tuesday Blitz January 18 2022"]
[White "Mitusov, Semen"]
[Black "Izoria, Zviad"]
[WhiteFideId "14151049"]
[BlackFideId "13601733"]
[WhiteElo "2246"]
[BlackElo "2626"]
[Result "0-1"]
[Round "07"]
[TimeControl "180+1"]
[Date "2022.01.18"]
[WhiteClock "0:00:07"]
[BlackClock "0:00:05"]

1. e4 c5 2. Nc3 a6 3. g3 b5 4. Bg2 Bb7 5. Nge2 e6 6. O-O Nc6 7. d3 d6 8. f4 Nf6 9. f5 e5 10. h3 h5 11. Bg5 Be7 12. Bxf6 Bxf6 13. Nd5 Bg5 14. h4 Bh6 15. f6 g6 16. c3 Bc8 17. d4 cxd4 18. cxd4 Be6 19. dxe5 dxe5 20. a4 O-O 21. axb5 axb5 22. Nec3 Rxa1 23. Qxa1 b4 24. Ne2 Bxd5 25. exd5 Qb6+ 26. Kh2 Nd4 27. Nxd4 exd4 28. Qa4 d3 29. Qc6 Qd4 30. b3 d2 31. Bf3 Qe3 32. d6 Qd4 33. d7 Rd8 34. Qc8 Qxd7 35. Qxd7 Rxd7 36. Bd1 Rd6 37. Kg2 Re6 38. Rf3 Re1 39. Rf1 Be3 40. Bf3 Bd4 41. Bd1 Bxf6 42. Bc2 Bc3 43. Bd1 Kg7 44. Bc2 f5 45. Bd1 Kf6 46. Bc2 Ke5 47. Bd1 Kd4 48. Bc2 Ke5 49. Bd1 Bd4 50. Bc2 Be3 51. Bd1 Kd4 52. Bf3 Kc3 53. Bd1 Rxd1 54. Rxd1 Kc2 0-1


[Site "https://www.chess.com"]

[Event "Titled Tuesday Blitz January 18 2022"]
[White "Nakamura, Hikaru"]
[Black "Hakobyan, Aram"]
[WhiteFideId "2016192"]
[BlackFideId "13306677"]
[WhiteElo "3222"]
[BlackElo "3024"]
[Result "1-0"]
[Round "07"]
[TimeControl "180+1"]
[Date "2022.01.18"]
[WhiteClock "0:00:26"]
[BlackClock "0:00:04"]

1. Nf3 Nf6 2. b3 c5 3. Bb2 d5 4. e3 a6 5. d4 cxd4 6. Nxd4 Qc7 7. Nd2 e5 8. N4f3 Nc6 9. c4 Be6 10. cxd5 Bxd5 11. a3 Rd8 12. Qc2 Qb8 13. Bc4 Be7 14. O-O O-O 15. Rfd1 Rd7 16. Bxd5 Rxd5 17. Nc4 Rc5 18. b4 Rb5 19. Rac1 e4 20. Nfd2 Rh5 21. h3 b5 22. Bxf6 Bxf6 23. Qxe4 Nxb4 24. axb4 Rh4 25. f4 bxc4 26. Rxc4 Re8 27. Qf3 g6 28. Ne4 Be7 29. g4 Qb5 30. Rcd4 Qa4 31. Kg2 Qa2+ 32. R1d2 Qa4 33. g5 h6 34. gxh6 Rxh6 35. Nf2 Rh5 36. e4 Bf8 37. e5 Bg7 38. Ne4 Kh8 39. Rd8 Rf8 40. Ng5 Kg8 41. Qd5 Rxd8 42. Qxf7+ 1-0


[Site "https://www.chess.com"]

[Event "Titled Tuesday Blitz January 18 2022"]
[White "Nesterov, Arseniy"]
[Black "FGHSMN"]
[WhiteFideId "24198455"]
[WhiteElo "2897"]
[BlackElo "2750"]
[Result "1-0"]
[Round "07"]
[TimeControl "180+1"]
[Date "2022.01.18"]
[WhiteClock "0:00:18"]
[BlackClock "0:00:01"]

1. d4 Nf6 2. c4 e6 3. Nc3 c5 4. d5 exd5 5. cxd5 d6 6. Nf3 g6 7. Nd2 Nbd7 8. e4 Bg7 9. Be2 O-O 10. O-O a6 11. a4 Re8 12. f4 Rb8 13. Qc2 h5 14. h3 Ng4 15. Nf3 Ngf6 16. f5 Qe7 17. Bg5 Ne5 18. Nh4 Rf8 19. Qd2 Qe8 20. Bh6 Nh7 21. Bxg7 Kxg7 22. Rf2 Qe7 23. Qf4 Qg5 24. g3 Bd7 25. a5 b5 26. axb6 Rxb6 27. Rxa6 Rxa6 28. Bxa6 Ra8 29. Bb5 Bxb5 30. Nxb5 Qxf4 31. gxf4 Nd3 32. Rf3 Ra1+ 33. Kh2 Nxb2 34. Nxd6 c4 35. Rg3 Nf8 36. e5 Rd1 37. e6 1-0


[Site "https://www.chess.com"]

[Event "Titled Tuesday Blitz January 18 2022"]
[White "Nigmatov, Ortik"]
[Black "Vovk, Orest"]
[WhiteFideId "14202131"]
[BlackFideId "14113490"]
[WhiteElo "2762"]
[BlackElo "2664"]
[Result "0-1"]
[Round "07"]
[TimeControl "180+1"]
[Date "2022.01.18"]
[WhiteClock "0:01:36"]
[BlackClock "0:01:33"]

1. e4 d6 2. b3 Nf6 3. Qe2 e5 4. Bb2 Nc6 5. Nf3 Be7 6. g3 O-O 7. h3 Re8 8. Bg2 Bf8 9. O-O g6 10. c4 Bg7 11. Nc3 Nd4 12. Nxd4 exd4 13. Nd5 Nxd5 14. cxd5 d3 15. Qxd3 Bxb2 16. Rab1 Bg7 17. Rbc1 Bd7 18. Rc2 c5 19. dxc6 Bxc6 20. Rcc1 Qb6 21. Rfe1 Rad8 22. h4 Qd4 23. Qc2 h5 24. d3 Re5 25. Qc4 Qxc4 26. bxc4 Ra5 27. Re2 Bd4 28. Kf1 Ra3 29. Rd2 Re8 30. Rb1 Re5 31. Rc1 Rea5 32. Rcc2 Rc3 33. Rxc3 Bxc3 34. Rc2 Bd4 35. Ke2 Ra3 36. Bh3 Ba4 37. Rd2 Bc3 38. Rc2 Bxc2 0-1


[Site "https://www.chess.com"]

[Event "Titled Tuesday Blitz January 18 2022"]
[White "Nyzhnyk, Illya"]
[Black "Vokhidov, Shamsiddin"]
[WhiteFideId "14118084"]
[BlackFideId "14204223"]
[WhiteElo "2949"]
[BlackElo "2825"]
[Result "1-0"]
[Round "07"]
[TimeControl "180+1"]
[Date "2022.01.18"]
[WhiteClock "0:00:08"]
[BlackClock "0:00:01"]

1. d4 Nf6 2. c4 e6 3. Nf3 d5 4. Nc3 Bb4 5. Qa4+ Nc6 6. e3 O-O 7. Bd2 dxc4 8. Bxc4 Bd6 9. Qc2 a6 10. a3 e5 11. dxe5 Nxe5 12. Nxe5 Bxe5 13. O-O-O Qe7 14. h3 Be6 15. Bxe6 Qxe6 16. g4 Rfd8 17. Ne2 Ne4 18. Rhf1 Rd6 19. Kb1 f5 20. gxf5 Qxf5 21. Bc1 Rad8 22. Rxd6 Rxd6 23. f3 Ng3 24. Nxg3 Qxc2+ 25. Kxc2 Bxg3 26. e4 Kf7 27. f4 Rh6 28. Rf3 Rxh3 29. Bd2 h5 30. f5 h4 31. e5 Rh2 32. e6+ Kf6 33. Kd3 Ke7 34. Bc3 Rg2 35. Bxg7 h3 36. Re3 h2 37. f6+ Kd6 38. f7 h1=Q 39. f8=Q+ Kc6 40. Qf3+ Kb6 41. Kc4 Qc1+ 42. Bc3 Qc2 43. b3 c6 44. Qe4 Bd6 45. Qxc2 Rxc2 46. e7 Bxe7 47. Rxe7 Rc1 48. a4 c5 49. a5+ 1-0


[Site "https://www.chess.com"]

[Event "Titled Tuesday Blitz January 18 2022"]
[White "Omelja, Artem"]
[Black "Prydun, Andriy"]
[WhiteFideId "14119846"]
[BlackFideId "14145898"]
[WhiteElo "2418"]
[BlackElo "2047"]
[Result "1/2-1/2"]
[Round "07"]
[TimeControl "180+1"]
[Date "2022.01.18"]
[WhiteClock "0:00:04"]
[BlackClock "0:00:04"]

1. d4 Na6 2. e4 c5 3. Bxa6 bxa6 4. dxc5 Qa5+ 5. Nc3 Qxc5 6. Be3 Qc6 7. Nge2 e6 8. O-O Bb7 9. Nd4 Qc7 10. Qd2 Nf6 11. f3 Bd6 12. g3 Be7 13. Rad1 O-O 14. Kg2 d6 15. Nb3 Rfc8 16. Bd4 Nd7 17. Qf2 Nb6 18. Bxb6 axb6 19. Na4 Bd8 20. Rd2 d5 21. exd5 Bxd5 22. Rfd1 Bc6 23. Nc3 Be7 24. Nd4 Bb7 25. Nb3 h6 26. Na4 Bd8 27. Rd6 Bc6 28. Nc3 Be7 29. R6d2 b5 30. Nd4 Bb7 31. Nb3 Rd8 32. Ne4 Bxe4 33. fxe4 Qb7 34. Qf3 Bf6 35. c3 Qb6 36. Nd4 a5 37. Qf2 b4 38. Nb3 Qxf2+ 39. Kxf2 Rdc8 40. cxb4 axb4 41. a3 bxa3 42. bxa3 Rxa3 43. Nd4 Ra4 44. Nf3 Rxe4 45. Re2 Rxe2+ 46. Kxe2 Rc2+ 47. Ke3 Rc3+ 48. Kf2 Kh7 49. h4 Rc2+ 50. Ke3 Rc3+ 51. Kf2 Kg6 52. Rd2 Rc4 53. Re2 h5 54. Kg2 Kf5 55. Rf2 Kg6 56. Re2 Rc5 57. Re4 Rf5 58. Re2 Kh7 59. Nd2 g6 60. Nf3 Bg7 61. Ra2 e5 62. Ra7 f6 63. Nd2 Kg8 64. Ne4 Bf8 65. Ra8 Kf7 66. Ra7+ Ke6 67. Ra6+ Kf7 68. Ra7+ Ke6 69. Ra6+ Kf7 70. Ra7+ 1/2-1/2


[Site "https://www.chess.com"]

[Event "Titled Tuesday Blitz January 18 2022"]
[White "Ortega Amarelle, Mariano"]
[Black "Barria Zuniga, Daniel"]
[WhiteFideId "3504301"]
[BlackFideId "3400816"]
[WhiteElo "2389"]
[BlackElo "2414"]
[Result "0-1"]
[Round "07"]
[TimeControl "180+1"]
[Date "2022.01.18"]
[WhiteClock "0:00:03"]
[BlackClock "0:00:13"]

1. e4 c5 2. Nc3 Nc6 3. Nf3 e6 4. d4 cxd4 5. Nxd4 Nf6 6. Ndb5 a6 7. Nd6+ Bxd6 8. Qxd6 b5 9. a3 Qe7 10. Bf4 e5 11. Qxe7+ Kxe7 12. Bg5 Nd4 13. O-O-O Bb7 14. f3 d6 15. Kb1 Rac8 16. Be3 Ne6 17. Be2 h6 18. Rd2 Rhd8 19. Rhd1 g5 20. Bf1 Rd7 21. a4 b4 22. Na2 a5 23. Bb6 d5 24. exd5 Rxd5 25. Rxd5 Nxd5 26. Bxa5 Ra8 27. Bxb4+ Nxb4 28. Nxb4 Rxa4 29. Nd5+ Kf8 30. Nc3 Rf4 31. Rd7 Bc6 32. Rd6 Be8 33. Be2 Nd4 34. Bd1 h5 35. Ne2 Nxe2 36. Bxe2 g4 37. Rh6 f6 38. Rh8+ Ke7 39. Kc1 e4 40. fxg4 hxg4 41. Kd2 Rf2 42. Ke3 Rxg2 43. c4 f5 0-1


[Site "https://www.chess.com"]